 Dungeon Sprint DCSS version 0.15-a0-217-g70ad64b (webtiles) character file.

14 BluebellGnoll the Cudgeler (level 2, -2/29 HPs)
             Began as an Ogre Hunter on Apr 24, 2014.
             Was an Initiate of Okawaru.
             Slain by a yak (17 damage)
             ... in the Dungeon (Sprint IX: "|||||||||||||||||||||||||||||").
             The game lasted 00:02:05 (377 turns).

BluebellGnoll the Cudgeler (Ogre Hunter)             Turns: 377, Time: 00:02:05

HP  -2/29        AC  8     Str 19      XL: 2   Next: 41%
MP   2/2         EV 12     Int 10      God: Okawaru [......]
Gold 0           SH  0     Dex 10      Spells:  0 memorised,  1 level left

rFire  . . .     SeeInvis .     p - +2 morningstar (protect)
rCold  . . .     Clarity  .     d - +0 animal skin
rNeg   . . .     Conserve .     (shield restricted)
rPois  .         rCorr    .     (helmet restricted)
rElec  .         rRot     .     (no cloak)
SustAb . .       Spirit   .     (gloves unavailable)
rMut   .         Warding  .     (boots unavailable)
Saprov + . .     NoTele   +     (no amulet)
MR     .....                    r - +3 ring of strength
                                q - +2 ring of evasion

@: not resistant to hostile enchantments, unstealthy
A: unfitting armour, fast metabolism 1, saprovore 1, tough skin 1
a: Renounce Religion


You were in the Dungeon.
You worshipped Okawaru.
Okawaru was noncommittal.
You were not hungry.

You visited 1 branch

Inventory:

Hand weapons
 a - a +1,+1 club
 p - a +2,+2 morningstar of protection (weapon)
Missiles
 b - 5 large rocks (quivered)
 c - 2 throwing nets
Armour
 d - a +0 animal skin (worn)
Magical devices
 o - a wand of fire (7)
Comestibles
 f - 2 meat rations
Scrolls
 k - 2 scrolls of blinking
 m - 3 scrolls of remove curse
 n - 2 scrolls of amnesia
Jewellery
 q - a +2 ring of evasion (left hand)
 r - a +3 ring of strength (right hand)
Potions
 e - 5 potions of curing
 g - 3 potions of heal wounds
 h - a potion of haste
 i - 4 potions of magic
 j - a potion of berserk rage
 l - a potion of invisibility


   Skills:
 - Level 2.6 Fighting
 * Level 4.5 Maces & Flails
 - Level 4.3 Throwing
 * Level 3.4 Dodging
 - Level 0.7 Stealth


You had one spell level left.
You didn't know any spells.

Dungeon Overview and Level Annotations

Branches:
Dungeon (1/1)

Altars:
Ashenzari
Cheibriados
Dithmenos
Elyvilon
Fedhas
Kikubaaqudgha
Makhleb
Nemelex Xobeh
Okawaru
Sif Muna
Trog
Vehumet
Xom
Yredelemnul
Zin
The Shining One


Innate Abilities, Weirdness & Mutations

You are too large for most types of armour.
You have a fast metabolism.
You can tolerate rotten meat.
You have tough skin (AC +1).


Message History

You hit the yak.
The yak is lightly wounded.
The yak gores you. The yak closely misses you.
You hit the yak but do no damage.
The yak is lightly wounded.
The yak gores you but does no damage.
You barely miss the yak.
The yak is lightly wounded.
The yak gores you.
You hit the yak but do no damage.
The yak is lightly wounded.
The yak closely misses you. The yak gores you.
You sock the yak!
The yak is heavily wounded.
The yak misses you.
You hit the yak.
The yak is heavily wounded.
The yak gores you!
Ouch! That really hurt!
You die... ▓▓▓▓▓▓▓▓▓▓▓▓▓▓▓▓▓▓▓▓▓▓▓▓▓▓▓▓▓▓▓▓▓ |..'_________zaY@_____')....'.... ▓▓▓▓▓▓▓▓▓▓▓▓▓▓▓▓▓▓▓▓▓▓▓▓▓▓▓▓▓▓▓▓▓

You could see a yak, a worker ant and a goblin zombie.

Vanquished Creatures
  A giant eyeball (D)
  A giant cockroach (D)
  2 hobgoblins (D)
  A quokka (D)
  A bat (D)
  A giant cockroach zombie (D)
  2 goblins (D)
  3 rats (D)
12 creatures vanquished.

Notes
Turn   | Place    | Note
--------------------------------------------------------------
     0 | D        | BluebellGnoll, the Ogre Hunter, began the quest for the Orb.
     0 | D        | Reached XP level 1. HP: 22/22 MP: 1/1
   245 | D        | Reached XP level 2. HP: 23/29 MP: 2/2
   258 | D        | Found a glowing golden altar of the Shining One.
   258 | D        | Found a shadowy altar of Dithmenos.
   258 | D        | Found a glowing silver altar of Zin.
   258 | D        | Found a deep blue altar of Sif Muna.
   258 | D        | Found an iron altar of Okawaru.
   258 | D        | Found a white marble altar of Elyvilon.
   258 | D        | Found a shattered altar of Ashenzari.
   259 | D        | Found a glowing golden altar of the Shining One.
   260 | D        | Found a bloodstained altar of Trog.
   261 | D        | Found a burning altar of Makhleb.
   262 | D        | Found an ancient bone altar of Kikubaaqudgha.
   263 | D        | Found a basalt altar of Yredelemnul.
   264 | D        | Found a shadowy altar of Dithmenos.
   265 | D        | Became a worshipper of Warmaster Okawaru
   305 | D        | Found a radiant altar of Vehumet.
   306 | D        | Found a snail-covered altar of Cheibriados.
   307 | D        | Found a blossoming altar of Fedhas.
   308 | D        | Found a shimmering altar of Xom.
   309 | D        | Found a sparkling altar of Nemelex Xobeh.
   338 | D        | Noticed a worker ant
   338 | D        | Noticed a yak
   341 | D        | Paralysed by a giant eyeball for 4 turns
   377 | D        | Slain by a yak

Action                   || total
-------------------------++-------
Melee: Club              ||    31
       Morningstar       ||    12
Throw: Large rock        ||     2
